TOP OF THE 1ST |
Bismark Border Guards batting - Pitching for Bismarck Barons : RHP Orsino Ortíz
|
Pitching: RHP Orsino Ortíz
|
|
Batting: RHB Alfredo Farías
|
0-0: Ball 1-0: Called Strike 1-1: Swinging Strike 1-2: Foul Ball, location: 2F 1-2: Ground out U3 (Groundball, 34)
|
Batting: RHB Warren Martin
|
0-0: Ball 1-0: Ball 2-0: Ball 3-0: Called Strike 3-1: Called Strike 3-2: Foul Ball, location: 2F 3-2: SINGLE (Line Drive, 4)
|
Batting: RHB Sergio Solíz
|
0-0: Called Strike 0-1: Ball 1-1: Ball 2-1: Ball 3-1: Called Strike 3-2: Foul Ball, location: 2F 3-2: Strikes out swinging Warren Martin steals 2nd base Batter strikes out.
|
Batting: LHB Alan Moore
|
0-0: Foul Ball, location: 2F 0-1: Ground out U3 (Groundball, 34)
|
Top of the 1st over - 0 runs, 1 hit, 0 errors, 1 left on base; Bismark 0 - Bismarck 0 |
BOTTOM OF THE 1ST |
Bismarck Barons batting - Pitching for Bismark Border Guards : RHP Brandon Sweet
|
Pitching: RHP Brandon Sweet
|
|
Batting: RHB Gary Roberts
|
0-0: Called Strike 0-1: Ground out 5-3 (Groundball, 5L)
|
Batting: RHB Nelson Castro
|
0-0: Ball 1-0: Called Strike 1-1: Ball 2-1: Foul Ball, location: 2F 2-2: Strikes out swinging
|
Batting: RHB Jonathan Jackson
|
0-0: Ball 1-0: Ball 2-0: Ground out 4-3 (Groundball, 34)
|
Bottom of the 1st over - 0 runs, 0 hits, 0 errors, 0 left on base; Bismark 0 - Bismarck 0 |
TOP OF THE 2ND |
Bismark Border Guards batting - Pitching for Bismarck Barons : RHP Orsino Ortíz
|
Batting: RHB Leonard Harris
|
0-0: Called Strike 0-1: Ball 1-1: Swinging Strike 1-2: Ball 2-2: Fly out, F1 (Line Drive, 13S)
|
Batting: RHB Mario Carranza
|
0-0: Ball 1-0: Ball 2-0: Foul Ball, location: 2F 2-1: Ball 3-1: Foul Ball, location: 2F 3-2: Base on Balls
|
Batting: RHB Danny Spode
|
0-0: Called Strike 0-1: Ball 1-1: Ball 2-1: Ball 3-1: Called Strike 3-2: Fly out, F7 (Flyball, 7S)
|
Batting: LHB Kelsey Scott
|
0-0: Foul Ball, location: 2F 0-1: Foul Ball, location: 2F 0-2: Ball 1-2: Ball 2-2: SINGLE (Line Drive, 56) Mario Carranza to second
|
Batting: RHB José Vidal
|
0-0: Ball 1-0: Fly out, F9 (Flyball, 9LM)
|
Top of the 2nd over - 0 runs, 1 hit, 0 errors, 2 left on base; Bismark 0 - Bismarck 0 |
BOTTOM OF THE 2ND |
Bismarck Barons batting - Pitching for Bismark Border Guards : RHP Brandon Sweet
|
Batting: LHB Corey MacGregor
|
0-0: Called Strike 0-1: Foul Ball, location: 2F 0-2: Ball 1-2: Strikes out swinging
|
Batting: LHB Johnny Foley
|
0-0: Swinging Strike 0-1: Called Strike 0-2: Ball 1-2: Strikes out swinging
|
Batting: RHB Felipe Domínguez
|
0-0: Called Strike 0-1: Ball 1-1: Foul Ball, location: 2F 1-2: Hit by Pitch
|
Batting: RHB Jonathan Reynolds
|
0-0: Called Strike 0-1: Foul Ball, location: 2F 0-2: Foul Ball, location: 2F 0-2: Ground out U3 (Groundball, 34S)
|
Bottom of the 2nd over - 0 runs, 0 hits, 0 errors, 1 left on base; Bismark 0 - Bismarck 0 |
TOP OF THE 3RD |
Bismark Border Guards batting - Pitching for Bismarck Barons : RHP Orsino Ortíz
|
Batting: RHB Alfredo Farías
|
0-0: Ball 1-0: Called Strike 1-1: Fly out, F8 (Flyball, 89M)
|
Batting: RHB Warren Martin
|
0-0: Ball 1-0: Ground out 5-3 (Groundball, 25)
|
Batting: RHB Sergio Solíz
|
0-0: Foul Ball, location: 2F 0-1: Ball 1-1: Ball 2-1: Foul Ball, location: 2F 2-2: Strikes out looking
|
Top of the 3rd over - 0 runs, 0 hits, 0 errors, 0 left on base; Bismark 0 - Bismarck 0 |
BOTTOM OF THE 3RD |
Bismarck Barons batting - Pitching for Bismark Border Guards : RHP Brandon Sweet
|
Batting: LHB Lorenzo Vargas
|
0-0: Ball 1-0: Ball 2-0: Foul Ball, location: 2F 2-1: Ground out 5-3 (Groundball, 56)
|
Batting: RHB Pedro García
|
0-0: Ball 1-0: Ground out 3-1 (Groundball, 34)
|
Batting: RHB Gary Roberts
|
0-0: Ball 1-0: Ball 2-0: Ball 3-0: Called Strike 3-1: Base on Balls
|
Batting: RHB Nelson Castro
|
0-0: Called Strike 0-1: Ball 1-1: Ball 2-1: Ball 3-1: Foul Ball, location: 2F 3-2: Strikes out swinging
|
Bottom of the 3rd over - 0 runs, 0 hits, 0 errors, 1 left on base; Bismark 0 - Bismarck 0 |
TOP OF THE 4TH |
Bismark Border Guards batting - Pitching for Bismarck Barons : RHP Orsino Ortíz
|
Batting: LHB Alan Moore
|
0-0: Fly out, F8 (Flyball, 8RM)
|
Batting: RHB Leonard Harris
|
0-0: Called Strike 0-1: Ball 1-1: Called Strike 1-2: Strikes out swinging
|
Batting: RHB Mario Carranza
|
0-0: Ball 1-0: Ball 2-0: Foul Ball, location: 2F 2-1: Swinging Strike 2-2: Ball 3-2: Base on Balls
|
Batting: RHB Danny Spode
|
0-0: Fly out, F6 (Line Drive, 6M)
|
Top of the 4th over - 0 runs, 0 hits, 0 errors, 1 left on base; Bismark 0 - Bismarck 0 |
BOTTOM OF THE 4TH |
Bismarck Barons batting - Pitching for Bismark Border Guards : RHP Brandon Sweet
|
Batting: RHB Jonathan Jackson
|
0-0: Ball 1-0: Fly out, F9 (Flyball, 9)
|
Batting: LHB Corey MacGregor
|
0-0: Ball 1-0: Ball 2-0: Called Strike 2-1: Called Strike 2-2: Ground out 4-3 (Groundball, 34)
|
Batting: LHB Johnny Foley
|
0-0: Ball 1-0: Called Strike 1-1: Ball 2-1: Fly out, F9 (Line Drive, 9LD)
|
Bottom of the 4th over - 0 runs, 0 hits, 0 errors, 0 left on base; Bismark 0 - Bismarck 0 |
TOP OF THE 5TH |
Bismark Border Guards batting - Pitching for Bismarck Barons : RHP Orsino Ortíz
|
Batting: LHB Kelsey Scott
|
0-0: Swinging Strike 0-1: Ball 1-1: Ball 2-1: DOUBLE (Line Drive, 9)
|
Batting: RHB José Vidal
|
0-0: Called Strike 0-1: Called Strike 0-2: Ground out 5-3 (Groundball, 56S) Kelsey Scott to third
|
Batting: RHB Alfredo Farías
|
0-0: Foul Ball, location: 2F 0-1: Ball Wild Pitch! Kelsey Scott scores 1-1: Foul Ball, location: 2F 1-2: Ball 2-2: Foul Ball, location: 2F 2-2: Ball 3-2: Foul Ball, location: 2F 3-2: Base on Balls
|
Batting: RHB Warren Martin
|
0-0: Called Strike Alfredo Farías steals 2nd base 0-1: Ball 1-1: Called Strike Alfredo Farías is caught stealing 3rd base 1-2: Ball 2-2: Ball 3-2: Foul Ball, location: 2F 3-2: Base on Balls
|
Batting: RHB Sergio Solíz
|
0-0: Ball 1-0: SINGLE (Line Drive, 4MD) Warren Martin to second
|
Batting: LHB Alan Moore
|
0-0: Swinging Strike 0-1: Ball 1-1: Fly out, F7 (Flyball, 7S)
|
Top of the 5th over - 1 run, 2 hits, 0 errors, 2 left on base; Bismark 1 - Bismarck 0 |
BOTTOM OF THE 5TH |
Bismarck Barons batting - Pitching for Bismark Border Guards : RHP Brandon Sweet
|
Batting: RHB Felipe Domínguez
|
0-0: Called Strike 0-1: Ground out 1-3 (Groundball, 13S)
|
Batting: RHB Jonathan Reynolds
|
0-0: Called Strike 0-1: Ball 1-1: Called Strike 1-2: Strikes out swinging
|
Batting: LHB Lorenzo Vargas
|
0-0: Ball 1-0: Ball 2-0: Called Strike 2-1: Foul Ball, location: 2F 2-2: SINGLE (Line Drive, 8LS)
|
Batting: RHB Pedro García
|
0-0: Ball 1-0: Called Strike 1-1: Ball 2-1: Swinging Strike 2-2: Foul Ball, location: 2F 2-2: Foul Ball, location: 2F 2-2: Ball 3-2: Foul Ball, location: 2F 3-2: Base on Balls Lorenzo Vargas to second
|
Batting: RHB Gary Roberts
|
0-0: Called Strike 0-1: Ball 1-1: Called Strike 1-2: Ball Wild Pitch! Lorenzo Vargas to third Pedro García to second 2-2: Ball 3-2: Base on Balls
|
Batting: RHB Nelson Castro
|
0-0: Called Strike 0-1: Ball 1-1: Ball 2-1: Foul Ball, location: 2F 2-2: Strikes out swinging
|
Bottom of the 5th over - 0 runs, 1 hit, 0 errors, 3 left on base; Bismark 1 - Bismarck 0 |
TOP OF THE 6TH |
Bismark Border Guards batting - Pitching for Bismarck Barons : RHP Orsino Ortíz
|
Batting: RHB Leonard Harris
|
0-0: Called Strike 0-1: Ball 1-1: Foul Ball, location: 2F 1-2: Ball 2-2: Foul Ball, location: 2F 2-2: Ball 3-2: Strikes out looking
|
Batting: RHB Mario Carranza
|
0-0: Ball 1-0: SINGLE (Groundball, 56D)
|
Batting: RHB Danny Spode
|
0-0: Called Strike 0-1: Foul Ball, location: 2F 0-2: Strikes out swinging
|
Batting: LHB Kelsey Scott
|
0-0: Called Strike 0-1: Ball 1-1: Ball 2-1: DOUBLE (Line Drive, 89D) Mario Carranza to third
|
Pitching: LHP Tom Hale
|
|
Batting: RHB José Vidal
|
0-0: SINGLE (Line Drive, 6M) Mario Carranza scores Kelsey Scott to third Runner from 3rd tries for Home, SAFE, no throw
|
Batting: RHB Alfredo Farías
|
0-0: Swinging Strike 0-1: Swinging Strike 0-2: Ball 1-2: Ball 2-2: Strikes out looking
|
Top of the 6th over - 2 runs, 3 hits, 0 errors, 1 left on base; Bismark 3 - Bismarck 0 |
BOTTOM OF THE 6TH |
Bismarck Barons batting - Pitching for Bismark Border Guards : RHP Brandon Sweet
|
Batting: RHB Jonathan Jackson
|
0-0: Ball 1-0: Ball 2-0: Swinging Strike 2-1: Foul Ball, location: 2F 2-2: Foul Ball, location: 2F 2-2: Foul Ball, location: 2F 2-2: Strikes out swinging, 2-3 out at first.
|
Batting: LHB Corey MacGregor
|
0-0: Called Strike 0-1: Ball 1-1: Ball 2-1: Foul Ball, location: 2F 2-2: Foul Ball, location: 2F 2-2: Ball 3-2: Ground out U3 (Groundball, 3)
|
Batting: LHB Johnny Foley
|
0-0: Called Strike 0-1: Ball 1-1: SOLO HOME RUN (Line Drive, 9LD), Distance : 311 ft
|
Batting: RHB Felipe Domínguez
|
0-0: Ball 1-0: Ball 2-0: Swinging Strike 2-1: Called Strike 2-2: Foul Ball, location: 2F 2-2: Ground out 6-3 (Groundball, 6)
|
Bottom of the 6th over - 1 run, 1 hit, 0 errors, 0 left on base; Bismark 3 - Bismarck 1 |
TOP OF THE 7TH |
Bismark Border Guards batting - Pitching for Bismarck Barons : LHP Tom Hale
|
Batting: RHB Warren Martin
|
0-0: Called Strike 0-1: Ball 1-1: Ball 2-1: Ball 3-1: Called Strike 3-2: Ground out 6-3 (Groundball, 6)
|
Batting: RHB Sergio Solíz
|
0-0: Called Strike 0-1: Ball 1-1: Called Strike 1-2: Ball 2-2: Strikes out swinging passed ball, reaches first!
|
Batting: LHB Alan Moore
|
0-0: Called Strike 0-1: Ball 1-1: Ball 2-1: SINGLE (Line Drive, 78M) Sergio Solíz to second Runner from 2nd tries for 3rd, SAFE, no throw
|
Batting: RHB Leonard Harris
|
0-0: Ball 1-0: Ball 2-0: Ball 3-0: Called Strike 3-1: Fly out, F5 (Line Drive, 56)
|
Batting: RHB Mario Carranza
|
0-0: SINGLE (Line Drive, 78S) Sergio Solíz scores Alan Moore to second
|
Batting: RHB Danny Spode
|
0-0: Ball 1-0: Called Strike 1-1: Foul Ball, location: 2F 1-2: Foul Ball, location: 2F 1-2: Fly out, F5 (Popup, 25F)
|
Top of the 7th over - 1 run, 2 hits, 0 errors, 2 left on base; Bismark 4 - Bismarck 1 |
BOTTOM OF THE 7TH |
Bismarck Barons batting - Pitching for Bismark Border Guards : RHP Brandon Sweet
|
Pitching: RHP Jim Thompson
|
|
Batting: RHB Jonathan Reynolds
|
0-0: Ball 1-0: Ball 2-0: Foul Ball, location: 2F 2-1: Ball 3-1: Called Strike 3-2: SINGLE (Groundball, 23) (infield hit)
|
Pitching: LHP David Vance
|
|
Batting: LHB Lorenzo Vargas
|
0-0: Swinging Strike 0-1: Ball 1-1: Called Strike 1-2: Foul Ball, location: 2F 1-2: Strikes out swinging
|
Pitching: LHP Vicente Mojica
|
|
Batting: RHB Pedro García
|
0-0: Called Strike Jonathan Reynolds steals 2nd base 0-1: Ball 1-1: Ball 2-1: Ball 3-1: Called Strike 3-2: Reached on error, E6 (Groundball, 6) Jonathan Reynolds scores
|
Batting: RHB Gary Roberts
|
0-0: Ball 1-0: Foul Ball, location: 2F 1-1: Foul Ball, location: 2F 1-2: Strikes out swinging
|
Batting: RHB Nelson Castro
|
0-0: Called Strike 0-1: Reached on error, E6 (Line Drive, 6) Pedro García to third
|
Batting: RHB Jonathan Jackson
|
0-0: Called Strike 0-1: Ball 1-1: Ball 2-1: Swinging Strike 2-2: Ground out 4-3 (Groundball, 4)
|
Bottom of the 7th over - 1 run, 1 hit, 2 errors, 2 left on base; Bismark 4 - Bismarck 2 |
TOP OF THE 8TH |
Bismark Border Guards batting - Pitching for Bismarck Barons : LHP Tom Hale
|
Batting: LHB Kelsey Scott
|
0-0: Ground out 3-1 (Groundball, 34)
|
Batting: RHB José Vidal
|
0-0: Called Strike 0-1: Ball 1-1: Ball 2-1: Ground out 6-3 (Groundball, 6)
|
Batting: RHB Alfredo Farías
|
0-0: Swinging Strike 0-1: Ball 1-1: Swinging Strike 1-2: Ball 2-2: Ground out 6-3 (Groundball, 6D)
|
Top of the 8th over - 0 runs, 0 hits, 0 errors, 0 left on base; Bismark 4 - Bismarck 2 |
BOTTOM OF THE 8TH |
Bismarck Barons batting - Pitching for Bismark Border Guards : LHP Vicente Mojica
|
Now at SS: Manuel Pérez
|
|
Batting: LHB Corey MacGregor
|
0-0: Ball 1-0: Swinging Strike 1-1: Foul Ball, location: 2F 1-2: Strikes out swinging
|
Batting: LHB Johnny Foley
|
0-0: Ball 1-0: Called Strike 1-1: Ball 2-1: Swinging Strike 2-2: Strikes out swinging
|
Batting: RHB Felipe Domínguez
|
0-0: Called Strike 0-1: Foul Ball, location: 2F 0-2: Ball 1-2: Strikes out swinging
|
Bottom of the 8th over - 0 runs, 0 hits, 0 errors, 0 left on base; Bismark 4 - Bismarck 2 |
TOP OF THE 9TH |
Bismark Border Guards batting - Pitching for Bismarck Barons : LHP Tom Hale
|
Batting: RHB Warren Martin
|
0-0: Called Strike 0-1: Ball 1-1: Called Strike 1-2: Ball 2-2: Ball 3-2: Foul Ball, location: 2F 3-2: Foul Ball, location: 2F 3-2: Foul Ball, location: 2F 3-2: Foul Ball, location: 2F 3-2: Foul Ball, location: 2F 3-2: Foul Ball, location: 2F 3-2: SINGLE (Groundball, 56D)
|
Batting: RHB Sergio Solíz
|
0-0: Ball 1-0: Fly out, F7 (Line Drive, 7)
|
Batting: LHB Alan Moore
|
0-0: Swinging Strike 0-1: Fly out, F4 (Line Drive, 4)
|
Batting: RHB Leonard Harris
|
0-0: Foul Ball, location: 2F 0-1: Ball 1-1: Ground out 4-3 (Groundball, 4)
|
Top of the 9th over - 0 runs, 1 hit, 0 errors, 1 left on base; Bismark 4 - Bismarck 2 |
BOTTOM OF THE 9TH |
Bismarck Barons batting - Pitching for Bismark Border Guards : LHP Vicente Mojica
|
Pitching: RHP César Rodríguez
|
|
Now at 1B: António Martínez
|
|
Now in LF: Oliver Sánchez
|
|
Batting: RHB Jonathan Reynolds
|
0-0: Called Strike 0-1: Ball 1-1: Foul Ball, location: 2F 1-2: Ball 2-2: Ball 3-2: Base on Balls
|
Pinch Hitting: LHB Ralph Jackson
|
0-0: Ball 1-0: Grounds into double play, 4-6-3 (Groundball, 4)
|
Batting: RHB Pedro García
|
0-0: Ball 1-0: Ball 2-0: Called Strike 2-1: Swinging Strike 2-2: Strikes out swinging
|
Bottom of the 9th over - 0 runs, 0 hits, 0 errors, 0 left on base; Bismark 4 - Bismarck 2 |
|